 Dungeon Crawl Stone Soup version 0.25-b1-23-ge2ad7d536c (webtiles) character file.

Game seed: 18376455831472955835, levelgen mode: deterministic

177 Dirian the Chopper (level 5, -12/47 HPs)
             Began as a Minotaur Fighter on June 1, 2020.
             Killed by nerve-wracking pain
             ... invoked by an orc priest
              (13 damage)
             ... on level 6 of the Dungeon.
             The game lasted 00:02:40 (1835 turns).

Dirian the Chopper (Minotaur Fighter)               Turns: 1835, Time: 00:02:41

Health: -12/47     AC:  9    Str: 21    XL:     5   Next: 30%
Magic:  4/4        EV:  7    Int:  5    God:
Gold:   182        SH:  9    Dex: 10    Spells: 4/4 levels left

rFire    . . .     SeeInvis .   a - +0 war axe
rCold    . . .     Gourm    .   c - +0 kite shield
rNeg     . . .     Faith    .   b - +0 scale mail
rPois    .         Spirit   .   (helmet restricted)
rElec    .         Reflect  .   (no cloak)
rCorr    .         Harm     .   (no gloves)
MR       .....                  u - +1 pair of boots
Stlth    ..........             (no amulet)
HPRegen  0.15/turn              (no ring)
MPRegen  0.09/turn              (no ring)

@: mighty
A: retaliatory headbutt, horns 2
a: no special abilities


You were on level 6 of the Dungeon.
You were not hungry.

You visited 1 branch of the dungeon, and saw 4 of its levels.

You collected 182 gold pieces.

Inventory:

Hand Weapons
 a - a +0 war axe (weapon)
Armour
 b - a +0 scale mail (worn)
 c - a +0 kite shield (worn)
 g - a +0 pair of boots
 n - a +0 chain mail
 u - a +1 pair of boots (worn)
Jewellery
 k - a cursed ring of teleportation {unknown}
 p - a +4 ring of evasion {unknown}
Scrolls
 e - 6 scrolls of remove curse {unknown}
 h - 2 scrolls of fear {unknown}
 i - 3 scrolls of identify {unknown}
 j - a scroll of amnesia {unknown}
 l - a scroll of immolation {unknown}
 q - a scroll of fog {unknown}
 t - 2 scrolls of teleportation {unknown}
Potions
 m - a potion of lignification {unknown}
 r - 3 potions of curing {unknown}
 s - 2 potions of stabbing {unknown}
 v - 2 potions of berserk rage {unknown}
Comestibles
 f - 7 rations


   Skills:
 + Level 4.3 Fighting
 * Level 5.0 Axes
 + Level 4.5 Armour
 + Level 4.5 Shields


You had 4 spell levels left.
You didn't know any spells.
Your spell library was empty.

Dungeon Overview and Level Annotations

Branches:
Dungeon (3/15)

Altars:


Innate Abilities, Weirdness & Mutations

You reflexively headbutt those who attack you in melee.
You have a pair of horns on your head.


Message History

* * * LOW HITPOINT WARNING * * *
The orc priest invokes the aid of Beogh against you.
Beogh smites you!
* * * LOW HITPOINT WARNING * * *
You closely miss the orc priest.
The orc priest is heavily wounded.
You slash the orc wizard! The orc wizard barely misses you.
You block the orc priest's attack.
You closely miss the orc priest.
The orc priest is heavily wounded.
You slash the orc wizard!
You kill the orc wizard!
Your Axes skill increases to level 5!
You block the orc priest's attack.
You hit the orc priest. Your headbutt misses the orc priest.
The orc priest is severely wounded.
You hit the orc priest.
The orc priest mumbles some strange prayers to Beogh against you.
Pain shoots through your body!
You die...

##.
######
..##....
.....#.
.>...
....
#.##..#
#..%oo#
#@#
###h##
#....#
#..5.#
#....#
#..!.#
#....#
#....#
.....#


You could see a black bear, 2 orc priests and a crimson imp.

Vanquished Creatures
  A bullfrog zombie (D:3)
  A jelly (D:2)
  Jessica (D:2)
  An orc wizard (D:6)
  2 adders (D:3)
  A dart slug (D:3)
  A leopard gecko (D:3)
  3 giant cockroaches (D:1)
  7 goblins
  5 hobgoblins
  2 ball pythons (D:1)
  8 bats
  5 frilled lizards
  3 kobolds (D:1)
  9 rats
50 creatures vanquished.

Notes
Turn   | Place    | Note
-------+----------+-------------------------------------------
     0 | D:1      | Dirian the Minotaur Fighter began the quest for the Orb.
     0 | D:1      | Reached XP level 1. HP: 19/19 MP: 0/0
   103 | D:1      | Reached XP level 2. HP: 27/27 MP: 1/1
   916 | D:2      | Reached skill level 3 in Axes
   961 | D:2      | Reached XP level 3. HP: 23/33 MP: 2/2
  1202 | D:2      | Noticed Jessica
  1208 | D:2      | Killed Jessica
  1208 | D:2      | Reached skill level 4 in Axes
  1208 | D:2      | Reached XP level 4. HP: 40/40 MP: 3/3
  1628 | D:3      | Reached XP level 5. HP: 46/46 MP: 4/4
  1825 | D:3      | You fall into a shaft and drop 3 floors!
  1830 | D:6      | Noticed a black bear
  1832 | D:6      | HP: 1/46 [orc priest/divine providence (8)]
  1834 | D:6      | Reached skill level 5 in Axes
  1835 | D:6      | Killed from afar by an orc priest

Illustrated notes

Levels and vault maps discovered:
D:1:      heliophobic_arrival_glass_houses, layout_rooms, minivault_5,
          minmay_door_square, minmay_shallow_snake_nest
D:2:      layout_rooms, first_ration, uniq_jessica
D:3:      layout_loops_ring
D:6:      layout_basic, vehumet_statue

Skill      XL: |  1  2  3  4  5 |
---------------+----------------+-----
Armour         | 4 |  4.5
Shields        | 4 |  4.5
Fighting       | 4 |  4.3
Axes           | 3 4 5 |  5.0

Action                   |  1- 3 |  4- 6 || total
-------------------------+-------+-------++-------
Melee: War axe           |    84 |    35 ||   119
       Headbutt          |     7 |     5 ||    12
  Use: Potion            |       |     1 ||     1
  Eat: Chunk             |     1 |     2 ||     3
Armor: Scale mail        |    28 |    18 ||    46
Dodge: Dodged            |    24 |    10 ||    34
Block: Kite shield       |    45 |    24 ||    69
